 Dungeon Crawl Stone Soup version 0.26-a0-450-ge645bd13c1 (webtiles) character file.

Game seed: 16995394676012271788

106 MrRokkomies the Cudgeler (level 4, -7/37 HPs)
             Began as a Demigod Wanderer on July 27, 2020.
             Killed by divine providence
             ... invoked by an orc priest
              (12 damage)
             ... on level 3 of the Dungeon.
             The game lasted 00:04:33 (2008 turns).

MrRokkomies the Cudgeler (Demigod Wanderer)         Turns: 2008, Time: 00:04:35

Health: -7/37      AC:  8    Str: 17    XL:     4   Next: 30%
Magic:  9/9        EV:  9    Int: 15    God:
Gold:   65         SH:  0    Dex: 22    Spells: 6/6 levels left

rFire    . . .     SeeInvis .   a - +0 hand axe (elec)
rCold    . . .     Faith    .   (no shield)
rNeg     . . .     Spirit   .   b - +2 scale mail
rPois    .         Reflect  .   (no helmet)
rElec    .         Harm     .   (no cloak)
rCorr    .                      (no gloves)
MR       .....                  (no boots)
Stlth    +.........             (no amulet)
HPRegen  0.12/turn              f - +6 ring of dexterity
MPRegen  0.11/turn              (no ring)

@: no status effects
A: high mp 1
a: no special abilities


You were on level 3 of the Dungeon.
You visited 1 branch of the dungeon, and saw 3 of its levels.

You collected 65 gold pieces.

Inventory:

Hand Weapons
 a - a +0 hand axe of electrocution (weapon)
 d - a +0 mace
Missiles
 h - 12 poisoned darts (quivered)
Armour
 b - a +2 scale mail (worn)
Jewellery
 f - a +6 ring of dexterity (left hand)
Scrolls
 e - a scroll of fog
 g - a scroll of teleportation
 j - 4 scrolls of identify
Potions
 c - 2 potions of curing
 i - 2 potions of lignification {unknown}


   Skills:
 * Level 2.3 Fighting
 * Level 3.6 Maces & Flails
 + Level 1.6 Throwing
 + Level 1.8 Armour
 - Level 1.0 Stealth
 - Level 1.7 Spellcasting
   Level 1.0 Necromancy


You had 6 spell levels left.
You didn't know any spells.
Your spell library was empty.

Dungeon Overview and Level Annotations

Branches:
Dungeon (3/15)

Annotations:
D:3 Jessica


Innate Abilities, Weirdness & Mutations

You have an increased reservoir of magic. (+10% MP)


Message History

You kill the hobgoblin!
The hobgoblin hits you but does no damage.
You hit the hobgoblin.
Lightning courses through the hobgoblin!
You kill the hobgoblin!
No target in view!
No target in view!
You climb downwards.
Level annotation: Jessica An orc comes into view.
The jackal bites you but does no damage. x2
The orc priest mumbles some strange prayers to Beogh against you.
Beogh smites you! The jackal barely misses you. The jackal closely misses you.
The orc priest mumbles some strange prayers to Beogh against you.
Beogh smites you!
* * * LOW HITPOINT WARNING * * *
The jackal bites you but does no damage.
The orc priest invokes the aid of Beogh against you.
Beogh smites you!
You die...

..........
............
....#.#.#...
...........##
............
........... .# ..
..........##.# ...
.........@.#.#....
........h.h#.#.....
.........@..........
............[o.......
.........o...o........
......................
..#.#.####............
....#. #[..........
... #. #.........#


You could see 2 orc priests, Jessica, an orc and 2 jackals.

Vanquished Creatures
  Terence (D:2)
  An adder (D:2)
  A worm (D:2)
  3 dart slugs
  2 leopard geckos
  3 orcs
  2 ball pythons (D:2)
  A giant cockroach (D:3)
  3 goblins
  12 hobgoblins
  3 jackals (D:2)
  7 kobolds
  3 quokkas (D:2)
  7 bats
  2 frilled lizards (D:2)
  5 rats
56 creatures vanquished.

Notes
Turn   | Place    | Note
-------+----------+-------------------------------------------
     0 | D:1      | MrRokkomies the Demigod Wanderer began the quest for the
                  | Orb.
     0 | D:1      | MrRokkomies set off with the following items: a +0 mace, a
                  | +2 scale mail, a potion of curing
     0 | D:1      | Reached XP level 1. HP: 16/16 MP: 5/5
   344 | D:1      | Reached XP level 2. HP: 23/23 MP: 7/7
   472 | D:1      | Reached skill level 3 in Maces & Flails
   948 | D:2      | Found a hazy altar of Hepliaklqana.
   950 | D:2      | Reached XP level 3. HP: 29/29 MP: 8/8
  1020 | D:2      | Noticed Terence
  1028 | D:2      | Killed Terence
  1407 | D:2      | Reached XP level 4. HP: 26/36 MP: 9/9
  1669 | D:3      | Noticed Jessica
  2008 | D:3      | Killed from afar by an orc priest

Illustrated notes

Levels and vault maps discovered:
D:1:      dpeg_arrival_rhombi, layout_basic, st_stairs_4
D:2:      layout_basic, old_standard_altar, chequers_mini_garden, uniq_terence
D:3:      layout_basic, overflow_temple_1_default, uniq_natasha, uniq_jessica

Skill      XL: |  1  2  3 |
---------------+----------+-----
Maces & Flails | 3 |  3.6
Fighting       | 2 |  2.3
Throwing       | |  1.6
Armour         | |  1.8
Stealth        | |  1.0
Spellcasting   | |  1.7
Necromancy     | |  1.0

Action                   |  1- 3 |  4- 6 || total
-------------------------+-------+-------++-------
Melee: Hand axe          |   102 |    24 ||   126
       Whip              |    18 |       ||    18
Throw: Dart              |       |     2 ||     2
  Use: Scroll            |     5 |     1 ||     6
Armor: Scale mail        |    61 |    25 ||    86
Dodge: Dodged            |    72 |    27 ||    99

Table legend: (Time is in decaauts)
 A = Elapsed time spent in this place.
 B = Non-inter-level travel time spent in this place.
 C = Inter-level travel time spent in this place.
 D = Time resting spent in this place.
 E = Time spent auto-exploring this place.
 F = Levels seen in this place.
 G = Mean time per level.
                   A        B        C        D        E       F      G
               +--------+--------+--------+--------+--------+-----+--------+
         Total |   2033 |   1981 |     52 |    303 |   1298 |   3 |  677.7 |
       Dungeon |   2033 |   1981 |     52 |    303 |   1298 |   3 |  677.7 |
               +--------+--------+--------+--------+--------+-----+--------+

Top non-repeatable levels by time:
     D:2: 1132 daAuts
     D:1: 858 daAuts
     D:3: 42 daAuts
